 Dungeon Crawl Stone Soup version 0.29-a0-330-g52719c12eb (webtiles) character file.

Game seed: 2305732286571151842

6181 kae the Arsonist (level 10, -1/81 HPs)
             Began as a Demigod Fire Elementalist on May 21, 2022.
             Killed from afar by Maggie (18 damage)
             ... with a bolt of fire
             ... on level 9 of the Dungeon.
             The game lasted 00:07:57 (10829 turns).

kae the Arsonist (Demigod Fire Elementalist)       Turns: 10829, Time: 00:07:57

Health: -1/81      AC:  8    Str:  9    XL:     10   Next: 34%
Magic:  18/21      EV: 10    Int: 35    God:
Gold:   527        SH: 12    Dex: 14    Spells: 6/19 levels left

rFire   . . .      SeeInvis .   e - +1 dagger (elec)
rCold   . . .      Faith    .   n - +3 kite shield
rNeg    . . .      Spirit   .   a - +0 robe
rPois   .          Reflect  .   (no helmet)
rElec   .          Harm     .   g - +1 cloak
rCorr   .          Rampage  .   (no gloves)
Will    +....                   (no boots)
Stlth   ++........              j - amulet of magic regeneration
HPRegen 0.23/turn               c - +6 ring of intelligence
MPRegen 0.57/turn               i - +4 ring of protection

@: no status effects
A: high MP 1, forlorn, divine attributes
a: no special abilities


You were on level 9 of the Dungeon.
You visited 1 branch of the dungeon, and saw 9 of its levels.

You collected 547 gold pieces.
You spent 20 gold pieces at shops.

Inventory:

Hand Weapons
 e - a +1 dagger of electrocution (weapon)
Missiles
 m - 2 throwing nets
Armour
 a - a +0 robe (worn)
 g - a +1 cloak (worn)
 n - a +3 kite shield (worn)
Jewellery
 c - a +6 ring of intelligence (left hand)
 f - a ring of protection from cold
 i - a +4 ring of protection (right hand)
 j - an amulet of magic regeneration (around neck)
 B - a +4 ring of evasion
 E - a ring of positive energy
 F - a ring of poison resistance
Wands
 h - a wand of acid (8)
 s - a wand of mindburst (3)
 u - a wand of flame (9)
 v - a wand of paralysis (6)
 D - a wand of iceblast (24)
Scrolls
 k - a scroll of summoning
 p - a scroll of fog
 t - 5 scrolls of teleportation
 w - a scroll of silence
Potions
 b - a potion of magic
 d - 3 potions of haste
 l - a potion of lignification
 o - 2 potions of heal wounds
 q - 2 potions of attraction
 r - 2 potions of curing
 x - 2 potions of degeneration
 z - a potion of might
 A - a potion of resistance
 C - a potion of brilliance


   Skills:
 + Level 5.3 Fighting
 - Level 1.7 Dodging
 - Level 1.7 Stealth
 + Level 5.1 Shields
 + Level 5.3 Spellcasting
 * Level 8.1 Conjurations
 * Level 8.5 Fire Magic


You had 6 spell levels left.
You knew the following spells:

 Your Spells              Type           Power      Damage    Failure   Level
a - Foxfire               Conj/Fire      100%       2x1d9     1%          1
b - Scorch                Fire           100%       2d10      1%          2
c - Conjure Flame         Conj/Fire      61%        6-21      1%          3
d - Inner Flame           Hex/Fire       39%        N/A       6%          3
e - Flame Wave            Conj/Fire      61%        2d12      3%          4

Your spell library contained the following spells:

 Spells                   Type           Power      Damage    Failure   Level
 Dazzling Flash           Conj/Hex       74%        N/A       6%          3
 Stone Arrow              Conj/Erth      74%        3d11      6%          3
 Animate Skeleton         Necr           18%        N/A       11%         1
 Apportation              Tloc           18%        N/A       11%         1
 Sandblast                Erth           18%        2d7       11%         1
 Slow                     Hex            36%        N/A       11%         1
 Summon Small Mammal      Summ           36%        N/A       11%         1
 Passwall                 Tmut/Erth      7%         N/A       17%         2
 Iskenderun's Mystic Bla  Conj/Tloc      37%        2d9       22%         4
 Confusing Touch          Hex            9%         N/A       32%         3
 Ozocubu's Armour         Ice            9%         N/A       32%         3
 Tukima's Dance           Hex            9%         N/A       32%         3
 Vampiric Draining        Necr           9%         2d6       32%         3
 Starburst                Conj/Fire      30%        6d9       50%         6
 Anguish                  Hex/Necr       4%         N/A       73%         4
 Enfeeble                 Hex            4%         N/A       100%        7
 Ozocubu's Refrigeration  Ice            4%         4d5       100%        7


Dungeon Overview and Level Annotations

Branches:
Dungeon (9/15)             Temple (0/1) D:7            Lair (0/6) D:9
    Orc: D:9-12

Shops:
D:6 *   D:8 ?

Annotations:
D:5 1 runed translucent door, Crazy Yiuf, Ijyb
D:9 exclusions: Maurice, ice statue and two-headed ogre, Maggie


Innate Abilities, Weirdness & Mutations

You have an increased reservoir of magic. (+10% MP)
You shall have no god before yourself.
Your divine heritage dramatically boosts your attributes as you level up.


Message History

You block the orc warrior's attack.
Casting: Scorch (safe; 1% risk of failure)
Confirm with . or Enter, or press ? or * to list all spells.
Flames lash Maggie.
Maggie is lightly wounded.
Maggie's fire resistance burns away.
Maggie casts a spell.
Maggie attempts to bespell you!
You are mesmerised by Maggie!
The orc warrior hits you with a +0 mace.
The orc warrior is no longer more vulnerable to fire.
The orc warrior hits you with a +0 mace.
You are no longer entranced.
Casting: Scorch (safe; 1% risk of failure)
Confirm with . or Enter, or press ? or * to list all spells.
Flames lash the orc warrior.
You kill the orc warrior!
Maggie gestures at you while chanting.
The bolt of fire hits the orc!
The orc dies!
The bolt of fire hits you!
Casting: Scorch (safe; 1% risk of failure)
Confirm with . or Enter, or press ? or * to list all spells.
Flames lash Maggie.
Maggie is lightly wounded.
Casting: Scorch (safe; 1% risk of failure)
Confirm with . or Enter, or press ? or * to list all spells.
You conjure some foxfire!
Maggie gestures at you while chanting. The bolt of fire hits you!!
* * * LOW HITPOINT WARNING * * *
Maggie is no longer more vulnerable to fire.
The foxfire hits Maggie.
Maggie is lightly wounded.
Casting: Foxfire (safe; 1% risk of failure)
Confirm with . or Enter, or press ? or * to list all spells.
You can't see any susceptible monsters within range! (Use Z to cast anyway.) Maggie gestures at you while chanting.
The bolt of fire hits you!!
You die...

...).#.........8.8.
...........#.......
...#.......#.8.8.8. #.
...#....#........... #.....
........##...8...8...
#.?...#.........#...........
......####....##.....8.8..
#.....####...###.........
###...........@.[.......#. #
.......##.))..####.)...####.@.
#...###○#####.........##..##
#....@..###...........##..#
.≈≈≈≈≈..##..##..........P......
≈≈≈55≈≈###..#.......>..........
≈≈..544 ...##.................
≈...554 ..##.#........P).#....
.##5##. ≈....##.........###...


You could see Maggie.

Vanquished Creatures
  A two-headed ogre (D:9)
  Pikel (D:9)
  Maurice (D:9)
  A yak (D:9)
  A wraith (D:9)
  A wyvern (D:9)
  Grum (D:9)
  A water moccasin (D:7)
  An orc warrior (D:9)
  Duvessa (D:5)
  2 ice beasts
  6 black bears
  A wolf (D:9)
  An ogre (D:5)
  2 centaurs
  3 phantoms
  A kobold brigand (D:9)
  Blork the orc (D:4)
  3 bullfrogs
  A necrophage (D:6)
  A scorpion (D:5)
  4 wights (D:8)
  Dowan (D:5)
  22 killer bees
  A howler monkey (D:9)
  5 jellies
  3 orc priests
  A gnoll shaman (D:5)
  2 hounds
  6 iguanas
  6 orc wizards
  Natasha (twice) (D:2)
  5 adders
  4 gnolls (D:5)
  A white imp (D:8)
  2 ufetubi (D:9)
  A worm (D:5)
  2 dart slugs
  27 orcs
  5 bats
  8 endoplasms
  3 giant cockroaches
  4 goblins
  5 hobgoblins
  8 kobolds
  4 quokkas
  5 ball pythons
  3 frilled lizards
  6 rats
178 creatures vanquished.

Vanquished Creatures (others)
  An orc (D:9)
  546 foxfires
547 creatures vanquished.

Grand Total: 725 creatures vanquished

Notes
Turn   | Place    | Note
-------+----------+-------------------------------------------
     0 | D:1      | kae the Demigod Fire Elementalist began the quest for the
                  | Orb.
     0 | D:1      | Reached XP level 1. HP: 14/14 MP: 5/5
    14 | D:1      | Reached skill level 1 in Conjurations
   366 | D:1      | Reached XP level 2. HP: 20/20 MP: 0/7
   373 | D:1      | Learned a level 2 spell: Scorch
  1296 | D:2      | Reached XP level 3. HP: 25/27 MP: 4/8
  1300 | D:2      | Learned a level 3 spell: Conjure Flame
  1676 | D:2      | You fall into a shaft and drop 2 floors!
  1820 | D:2      | Reached skill level 1 in Fighting
  1820 | D:2      | Reached XP level 4. HP: 35/35 MP: 6/10
  2285 | D:2      | Noticed Natasha
  2291 | D:2      | Killed Natasha
  2557 | D:2      | Noticed Natasha
  2561 | D:2      | Killed Natasha
  3102 | D:3      | Reached XP level 5. HP: 40/40 MP: 8/11
  3997 | D:4      | Noticed Blork the orc
  4005 | D:4      | Killed Blork the orc
  4843 | D:5      | Entered Level 5 of the Dungeon
  4851 | D:5      | Noticed Duvessa
  4957 | D:5      | Noticed Dowan
  5176 | D:5      | Reached skill level 1 in Shields
  5176 | D:5      | Reached XP level 6. HP: 29/48 MP: 7/13
  5797 | D:5      | Reached XP level 7. HP: 55/55 MP: 14/14
  5857 | D:5      | Noticed Ijyb
  6044 | D:5      | Found a runed translucent door.
  6045 | D:5      | Noticed Crazy Yiuf
  6072 | D:5      | Killed Duvessa
  6073 | D:5      | Reached skill level 5 in Fire Magic
  6078 | D:5      | Killed Dowan
  6782 | D:6      | Found Lakeosukk's Neck Hole.
  6871 | D:6      | Reached XP level 8. HP: 63/63 MP: 13/16
  7004 | D:6      | Reached skill level 5 in Conjurations
  7014 | D:6      | Learned a level 3 spell: Inner Flame
  7019 | D:6      | Learned a level 4 spell: Flame Wave
  8298 | D:7      | Found a staircase to the Ecumenical Temple.
  8502 | D:7      | Reached XP level 9. HP: 71/71 MP: 15/18
  9601 | D:8      | Found Areus's Magic Scroll Shop.
  9604 | D:8      | Bought a scroll of identify for 20 gold pieces
 10074 | D:9      | Noticed a two-headed ogre
 10078 | D:9      | Noticed Maurice
 10154 | D:9      | Killed Maurice
 10170 | D:9      | Reached skill level 5 in Spellcasting
 10257 | D:9      | Reached XP level 10. HP: 66/80 MP: 16/21
 10310 | D:9      | Found a staircase to the Lair.
 10333 | D:9      | Noticed Grum
 10334 | D:9      | Noticed Maggie
 10357 | D:9      | Killed Grum
 10659 | D:9      | Reached skill level 5 in Fighting
 10690 | D:9      | Noticed Pikel
 10698 | D:9      | Killed Pikel
 10745 | D:9      | Killed a two-headed ogre
 10746 | D:9      | Reached skill level 5 in Shields
 10792 | D:9      | Noticed an ice statue
 10829 | D:9      | Killed from afar by Maggie

Illustrated notes

Levels and vault maps discovered:
D:1:      dpeg_arrival_round_b, layout_basic
D:2:      layout_basic, basic_altar, minmay_joined_circles, uniq_natasha
D:3:      layout_loops_cross, mainiacjoe_overflow_tiny_flanked,
          nicolae_ru_path_of_blood, serial_forest, infiniplex_forest_straight_4,
          infiniplex_forest_clump_cross, infiniplex_forest_clump_diagonal,
          infiniplex_forest_zigzag_1, infiniplex_forest_straight_4,
          basic_ecumenical_altar, minmay_misc_feat_plants,
          nicolae_underground_beach
D:4:      layout_basic, nicolae_wu_jian_immortal_techniques, uniq_blork_the_orc
D:5:      layout_gridville, uniq_crazy_yiuf_cottage, uniq_ijyb, uniq_duvessa
D:6:      layout_basic, gammafunk_temple_overflow_wave,
          nicolae_shop_sticking_my_neck_out
D:7:      layout_basic, elyvilon_altar_5, minmay_temple_entry_hall
D:8:      layout_loops_ring, serial_shops, nicolae_shop_behind_doors
D:9:      cheibrodos_frozen_isle, layout_cave_pools, david_lair_generic,
          serial_column_ruins, column_ruins_hut_pillars, column_ruins_hut,
          column_ruins_grid_4, column_ruins_open_tiny,
          column_ruins_corridor_straight, column_ruins_columns_corner,
          uniq_maggie, uniq_maurice, uniq_grum, uniq_pikel, uniq_erica

Skill      XL: |  1  2  3  4  5  6  7  8  9 10 |
---------------+-------------------------------+-----
Conjurations   | 1 2 3 4 6 7 8 |  8.1
Fire Magic     | 3 4 5 6 8 |  8.5
Spellcasting   | 2 3 4 5 |  5.3
Fighting       | 1 2 3 4 5 |  5.3
Shields        | 1 2 3 4 5 |  5.1
Dodging        | |  1.7
Stealth        | |  1.7

Action                   |  1- 3 |  4- 6 |  7- 9 | 10-12 || total
-------------------------+-------+-------+-------+-------++-------
Melee: Unarmed           |     1 |       |       |       ||     1
       Dagger            |     3 |    17 |     9 |     7 ||    36
 Cast: Foxfire           |    49 |    99 |   142 |    33 ||   323
       Scorch            |     7 |    18 |    58 |    18 ||   101
       Conjure Flame     |       |     2 |     4 |     4 ||    10
       Flame Wave        |       |       |    10 |       ||    10
       Inner Flame       |       |       |     1 |     1 ||     2
  Use: Scroll            |     3 |    11 |     8 |     1 ||    23
       Potion            |       |     1 |     1 |       ||     2
Armor: Robe              |     5 |    16 |    68 |    10 ||    99
       Skin              |       |       |    12 |       ||    12
Dodge: Dodged            |    17 |    29 |    74 |     8 ||   128
Block: Kite shield       |       |    19 |   121 |    21 ||   161

Table legend: (Time is in decaauts)
 A = Elapsed time spent in this place.
 B = Non-inter-level travel time spent in this place.
 C = Inter-level travel time spent in this place.
 D = Time resting spent in this place.
 E = Time spent auto-exploring this place.
 F = Levels seen in this place.
 G = Mean time per level.
                   A        B        C        D        E       F      G
               +--------+--------+--------+--------+--------+-----+--------+
         Total |  10873 |  10534 |    339 |   1598 |   7424 |   9 | 1208.1 |
       Dungeon |  10873 |  10534 |    339 |   1598 |   7424 |   9 | 1208.1 |
               +--------+--------+--------+--------+--------+-----+--------+

Top non-repeatable levels by time:
     D:5: 1781 daAuts
     D:2: 1586 daAuts
     D:3: 1329 daAuts
     D:8: 1252 daAuts
     D:7: 1204 daAuts
     D:4: 1112 daAuts
     D:6: 1068 daAuts
     D:1: 997 daAuts
     D:9: 541 daAuts
